Map: Prion Terraces

Players

NoRegreT - Winner!

  • Race: Zerg Zerg
  • League: Grandmaster

RotterdaM

  • Race: Protoss Protoss
  • League: Master

Event: Homestory Cup XII

VOD

Have the link to the VOD?

Description

Time

  • Played on: Dec. 18, 2015, 4:14 p.m.
  • Length: 9:11

All games in this series

Show
View Real Time Build Order
Export as new Build Order

NoRegreT Zerg - Winner!

Build Orders: Hatch First, Lurkers 

Get SALT Encoding   

  12  0:02  Drone  
  13  0:08  Drone  
  14  0:21  Extractor  
  14  0:22  Drone, Extractor  
  14  0:23  Drone  
  16  0:31  Overlord  
  16  0:51  Drone  
  17  0:57  Hatchery  
  17  0:59  Drone  
  17  1:05  Extractor  
  16  1:13  Drone  
  16  1:14  Spawning Pool  
  16  1:16  Drone  
  17  1:20  Drone  
  18  1:32  Drone  
  19  1:40  Overlord  
  20  1:54  Drone  
  20  2:01  Drone, Queen  
  23  2:08  Queen  
  23  2:10  Metabolic Boost  
  23  2:13  Drone x2  
  27  2:20  Zergling x2  
  28  2:23  Drone  
  29  2:31  Drone  
  29  2:35  Drone  
  31  2:41  Zergling x2  
  31  2:43  Zergling x2  
  33  2:47  Evolution Chamber  
  33  2:51  Hatchery  
  31  2:52  Zergling x2  
  31  2:55  Zergling x2  
  33  3:03  Zergling x2  
  33  3:05  Zergling x2  
  35  3:10  Zergling x2  
  36  3:15  Overlord  
  36  3:18  Overlord  
  36  3:31  Extractor  
  36  3:32  Extractor, Zergling x4  
  36  3:34  Zergling x6  
  36  3:35  Zergling x2  
  38  3:49  Zergling x6  
  38  3:51  Zergling x6  
  38  3:53  Zergling x4  
  44  3:59  Drone  
  44  4:01  Lair  
  43  4:05  Drone x2  
  43  4:11  Drone  
  43  4:13  Queen  
  43  4:14  Drone x2  
  48  4:24  Drone  
  48  4:27  Drone  
  48  4:28  Drone  
  44  4:31  Drone x2  
  44  4:32  Drone x2  
  44  4:33  Drone  
  43  4:38  Spore Crawler  
  43  4:40  Drone  
  43  4:43  Drone  
  44  4:48  Zergling x4  
  44  4:51  Zergling x2  
  44  4:52  Zergling x2  
  48  4:55  Zergling x2  
  48  4:56  Zergling x2  
  48  4:57  Zergling x2  
  50  5:00  Zergling x2  
  50  5:04  Zergling x2  
  50  5:05  Hydralisk Den  
  51  5:07  Overlord  
  51  5:11  Drone  
  51  5:12  Drone x2  
  54  5:20  Overlord  
  54  5:21  Spore Crawler  
  53  5:23  Spore Crawler  
  53  5:28  Drone x4  
  55  5:33  Drone x4  
  57  5:39  Drone  
  57  5:40  Drone x2  
  57  5:41  Drone  
  58  5:45  Muscular Augments  
  58  5:47  Hydralisk  
  58  5:56  Overlord  
  57  5:58  Overlord x2  
  57  6:00  Overlord  
  57  6:04  Overlord x2  
  57  6:06  Extractor  
  57  6:08  Extractor  
  57  6:10  Extractor  
  54  6:17  Hydralisk x5  
  62  6:18  Hydralisk  
  62  6:23  Hydralisk x2  
  69  6:26  Hydralisk  
  69  6:29  Hydralisk  
  69  6:31  Hydralisk  
  73  6:35  Zerg Missile Weapons Level 1  
  73  6:37  Drone x2  
  73  6:39  Hydralisk  
  75  6:44  Drone x2  
  75  6:46  Hydralisk  
  81  6:48  Hydralisk  
  81  6:53  Hydralisk  
  81  6:54  Hydralisk  
  80  6:56  Hydralisk  
  86  7:02  Overlord  
  86  7:03  Lurker Den  
  86  7:06  Hydralisk  
  86  7:08  Overseer  
  88  7:10  Drone x2  
  88  7:13  Overlord  
  90  7:21  Zergling x12  
  96  7:24  Overseer, Zergling x4  
  98  7:30  Overlord  
  98  7:33  Drone x4  
  98  7:35  Zergling x2  
  103  7:38  Zergling x2  
  103  7:43  Drone  
  105  7:46  Drone, Overlord  
  105  7:50  Hydralisk x3  
  112  7:58  Hatchery  
  111  8:00  Zergling x4  
  111  8:03  Zergling x2  
  111  8:05  Overlord  
  114  8:06  Zergling x4  
  114  8:07  Zergling x2  
  116  8:27  Spine Crawler  
  115  8:28  Spine Crawler  
  115  8:29  Spine Crawler  
  115  8:32  Drone x3, Spine Crawler  
  115  8:33  Drone x2, Spine Crawler  
  115  8:34  Drone x4  
  119  8:36  Lurker, Spine Crawler  
  119  8:37  Lurker x3  
  119  8:39  Lurker  
  119  8:40  Lurker  
  125  8:41  Lurker  
  125  8:43  Lurker  
  125  8:44  Drone  
  127  8:49  Drone x2  
  127  8:52  Overlord  
  129  8:57  Infestation Pit  
  129  9:00  Evolution Chamber  
Show
View Real Time Build Order
Export as new Build Order

RotterdaM Protoss 

Build Orders: Nexus First 

Get SALT Encoding   

  12  0:01  Probe (Chrono Boost)  
  13  0:11  Probe (Chrono Boost)  
  14  0:18  Pylon  
  14  0:23  Probe (Chrono Boost)  
  15  0:37  Probe (Chrono Boost)  
  16  0:47  Probe (Chrono Boost)  
  17  1:00  Nexus  
  17  1:06  Probe (Chrono Boost)  
  18  1:16  Gateway  
  19  1:18  Probe (Chrono Boost)  
  19  1:30  Forge  
  19  1:34  Probe (Chrono Boost)  
  19  1:39  Assimilator  
  20  1:41  Assimilator  
  20  1:45  Probe (Chrono Boost)  
  21  1:54  Pylon  
  21  1:55  Probe (Chrono Boost)  
  22  2:06  Probe (Chrono Boost)  
  22  2:07  Photon Cannon  
  23  2:17  Cybernetics Core  
  23  2:23  Zealot (Chrono Boost)  
  23  2:26  Probe (Chrono Boost)  
  26  2:30  Probe (Chrono Boost)  
  27  2:39  Probe (Chrono Boost)  
  27  2:42  Probe (Chrono Boost)  
  29  2:50  Probe (Chrono Boost)  
  30  2:53  Probe (Chrono Boost)  
  30  2:55  Adept  
  30  2:56  Warp Gate  
  33  3:01  Mothership Core (Chrono Boost)  
  33  3:03  Probe (Chrono Boost)  
  36  3:07  Stargate  
  36  3:14  Probe (Chrono Boost)  
  36  3:19  Probe (Chrono Boost)  
  38  3:22  Adept  
  38  3:24  Probe (Chrono Boost)  
  38  3:25  Pylon  
  41  3:30  Probe (Chrono Boost)  
  41  3:33  Pylon  
  42  3:35  Probe (Chrono Boost)  
  42  3:40  Probe (Chrono Boost)  
  44  3:45  Probe (Chrono Boost)  
  43  3:49  Photon Cannon  
  43  3:51  Probe (Chrono Boost)  
  43  3:53  Photon Cannon  
  43  4:02  Probe (Chrono Boost)  
  42  4:04  Probe (Chrono Boost)  
  42  4:09  Phoenix (Chrono Boost)  
  45  4:12  Assimilator  
  45  4:13  Probe  
  45  4:15  Assimilator  
  46  4:18  Probe  
  43  4:31  Phoenix (Chrono Boost)  
  36  4:42  Probe  
  36  4:43  Probe  
  38  4:50  Photon Cannon  
  38  4:53  Probe (Chrono Boost), Phoenix (Chrono Boost)  
  38  4:55  Probe (Chrono Boost)  
  41  5:05  Probe (Chrono Boost)  
  42  5:07  Probe (Chrono Boost)  
  43  5:15  Probe (Chrono Boost)  
  43  5:16  Phoenix  
  43  5:18  Probe (Chrono Boost)  
  47  5:26  Probe (Chrono Boost)  
  49  5:28  Probe (Chrono Boost)  
  47  5:36  Probe (Chrono Boost)  
  47  5:37  Pylon  
  47  5:39  Probe (Chrono Boost)  
  47  5:41  Phoenix  
  47  5:47  Probe (Chrono Boost)  
  47  5:49  Probe (Chrono Boost)  
  49  5:57  Probe (Chrono Boost)  
  49  6:00  Probe (Chrono Boost)  
  51  6:08  Probe (Chrono Boost)  
  51  6:10  Probe (Chrono Boost)  
  53  6:13  Phoenix  
  56  6:18  Probe (Chrono Boost)  
  56  6:19  Twilight Council  
  56  6:21  Probe (Chrono Boost)  
  57  6:29  Probe (Chrono Boost)  
  57  6:30  Protoss Air Weapons Level 1  
  57  6:32  Probe (Chrono Boost)  
  59  6:38  Phoenix  
  59  6:39  Probe (Chrono Boost)  
  62  6:44  Probe (Chrono Boost)  
  63  7:01  Dark Shrine  
  61  7:12  Charge (Chrono Boost)  
  61  7:17  Pylon  
  61  7:19  Gateway  
  61  7:22  Gateway  
  61  7:23  Gateway, Phoenix  
  61  7:25  Gateway  
  61  7:29  Pylon  
  63  7:32  Pylon  
  63  7:40  Probe  
  63  7:42  Probe, Pylon  
  65  7:46  Gateway  
  65  7:48  Phoenix  
  67  7:57  Pylon  
  67  8:04  Gateway  
  67  8:05  Gateway  
  67  8:11  Probe  
  68  8:19  Zealot  
  70  8:20  Zealot x3  
  76  8:28  Phoenix  
  76  8:34  Dark Templar  
  80  8:40  Dark Templar x3  
  86  8:42  Zealot  
  86  8:44  Archon x2  
  90  8:57  Zealot  
Tags
 
Add a new tag
Caveats
  • Supply blocks, unpowered buildings, or Contaminate may cause inaccurate times.
  • Supply counts are checked every 10 seconds.